 Dungeon Crawl Stone Soup version 0.28.0-53-g5a82cb258f (webtiles) character file.

Game seed: 5198121094221282206

409 Jerry the Skirmisher (level 6, -5/33 HPs)
             Began as a Vine Stalker Fighter on July 30, 2022.
             Slain by Edmund
             ... wielding a +8 dire flail of holy wrath
              (11 damage)
             ... on level 5 of the Dungeon.
             The game lasted 00:07:45 (3238 turns).

Jerry the Skirmisher (Vine Stalker Fighter)         Turns: 3238, Time: 00:07:45

Health: -5/33      AC:  6    Str: 18    XL:     6   Next: 89%
Magic:  0/7        EV:  9    Int:  8    God:
Gold:   696        SH:  5    Dex: 16    Spells: 5/5 levels left

rFire   . . .      SeeInvis .   a - +1 rapier
rCold   . . .      Faith    .   c - +0 buckler
rNeg    . . .      Spirit   +   b - +0 scale mail
rPois   .          Reflect  .   (no helmet)
rElec   .          Harm     .   (no cloak)
rCorr   .          Rampage  .   (no gloves)
Will    .....                   (no boots)
Stlth   ..........              (no amulet)
HPRegen 0.91/turn               (no ring)
MPRegen 0.10/turn               (no ring)

@: mighty
A: fangs 2, regeneration 1, magic shield, antimagic bite, no potion heal 2
a: no special abilities


You were on level 5 of the Dungeon.
You visited 1 branch of the dungeon, and saw 5 of its levels.

You collected 696 gold pieces.

Inventory:

Hand Weapons
 a - a +1 rapier (weapon)
Missiles
 k - 3 poisoned darts (quivered)
Armour
 b - a +0 scale mail (worn)
 c - a +0 buckler (worn)
 i - a +1 pair of boots
Scrolls
 g - 4 scrolls of silence {unknown}
 l - a scroll of teleportation
Potions
 e - a potion of resistance
 f - a potion of flight {unknown}
 h - a potion of haste {unknown}
 j - a potion of degeneration {unknown}
 n - a potion of invisibility {unknown}
 o - a potion of magic {unknown}
 p - a potion of attraction {unknown}


   Skills:
 + Level 4.1 Fighting
 + Level 3.5 Short Blades
 + Level 3.6 Armour
 + Level 4.1 Shields


You had 5 spell levels left.
You didn't know any spells.
Your spell library contained the following spells:

 Spells                   Type           Power      Damage    Failure   Level
 Gell's Gravitas          Tloc           0%         N/A       99%         3
 Lesser Beckoning         Tloc           0%         N/A       99%         3
 Teleport Other           Tloc           0%         N/A       99%         3


Dungeon Overview and Level Annotations

Branches:
Dungeon (5/15)
 Temple: D:4-7

Altars:
Hepliaklqana
Okawaru
Vehumet

Annotations:
D:5 Edmund


Innate Abilities, Weirdness & Mutations

You have extremely sharp teeth.
Your natural rate of healing is unusually fast.
When hurt, damage is shared between your health and your magic reserves.
Your bite disrupts and absorbs the magic of your enemies.
Potions cannot restore your health.


Message History

Edmund is lightly wounded.
Edmund struggles against the net.
You hit Edmund but do no damage.
Edmund is lightly wounded.
Edmund struggles against the net.
You hit Edmund but do no damage.
Edmund is lightly wounded.
Edmund struggles against the net.
The net rips apart, and Edmund comes free!
You hit Edmund but do no damage. You bite Edmund, but do no damage.
Edmund is lightly wounded.
Edmund completely misses you.
You barely miss Edmund. You bite Edmund. You drain his power.
Edmund is moderately wounded.
Edmund closely misses you.
You closely miss Edmund. You bite Edmund. You drain his power.
Edmund is moderately wounded.
Edmund hits you with a +8 dire flail of holy wrath!
You hit Edmund but do no damage.
Edmund is moderately wounded.
Edmund closely misses you.
Edmund hits you with a +8 dire flail of holy wrath!
You feel very mighty all of a sudden. Edmund hits you but does no damage.
You closely miss Edmund.
Edmund is moderately wounded.
Edmund says, "You wouldn't believe how much I paid for this flail."
Edmund hits you with a +8 dire flail of holy wrath!
* * * LOW HITPOINT WARNING * * *
You hit Edmund.
Edmund is heavily wounded.
Edmund hits you with a +8 dire flail of holy wrath.
* * * LOW HITPOINT WARNING * * *
You puncture Edmund!
Edmund is severely wounded.
You block Edmund's attack.
You puncture Edmund! Your bite misses Edmund.
Edmund is almost dead.
Edmund hits you with a +8 dire flail of holy wrath!
You die...

.... ...
..#
####..##
......#
#.....
#...#
#.<# ##@#
#.....@#
...#.#...
# #.(..
####.# ##


You could see Edmund.

Vanquished Creatures
  An ogre (D:4)
  A scorpion (D:4)
  A bullfrog zombie (D:3)
  A centaur zombie (D:4)
  An orc priest (D:4)
  A hound skeleton (D:4)
  3 gnolls (D:4)
  8 adders
  An adder skeleton (D:4)
  A dart slug (D:2)
  An orc (D:4)
  3 ball pythons
  6 bats
  4 endoplasms
  3 giant cockroaches
  8 goblins
  8 hobgoblins
  4 jackals (D:1)
  3 quokkas
  A frilled lizard (D:3)
  3 kobolds
  A rat (D:3)
64 creatures vanquished.

Vanquished Creatures (others)
  A plant (D:1)
1 creature vanquished.

Grand Total: 65 creatures vanquished

Notes
Turn   | Place    | Note
-------+----------+-------------------------------------------
     0 | D:1      | Jerry the Vine Stalker Fighter began the quest for the Orb.
     0 | D:1      | Reached XP level 1. HP: 11/11 MP: 2/2
   156 | D:1      | Reached XP level 2. HP: 16/16 MP: 3/3
   635 | D:1      | Found a faded altar of an unknown god.
   832 | D:1      | Reached XP level 3. HP: 20/20 MP: 4/4
  1394 | D:2      | Identified a scroll of acquirement
  1394 | D:2      | Acquired 591 gold pieces
  1530 | D:2      | Gained mutation: Your natural rate of healing is unusually
                  | fast. [Vine Stalker growth]
  1530 | D:2      | Reached XP level 4. HP: 24/24 MP: 5/5
  2063 | D:3      | Reached XP level 5. HP: 28/28 MP: 6/6
  2195 | D:3      | Found a radiant altar of Vehumet.
  2195 | D:3      | Found a hazy altar of Hepliaklqana.
  2631 | D:4      | Reached XP level 6. HP: 22/33 MP: 4/7
  2732 | D:4      | Found an iron altar of Okawaru.
  3222 | D:5      | Entered Level 5 of the Dungeon
  3222 | D:5      | Noticed Edmund
  3238 | D:5      | Slain by Edmund

Illustrated notes

Levels and vault maps discovered:
D:1:      dpeg_arrival_boxes_within_box, layout_loops_ring, serial_forest,
          infiniplex_forest_straight_2, infiniplex_forest_end_double,
          infiniplex_forest_pool, infiniplex_forest_lined_room_,
          hellmonk_ecumenical_altar_inner_sanctum,
          chequers_serial_rivers_small_b
D:2:      layout_basic
D:3:      layout_rooms, gammafunk_temple_overflow_wave, serial_bayou_pond_a
D:4:      layout_rooms, mainiacjoe_overflow_surrounded_room, serial_rivers,
          chequers_serial_rivers_room_a, chequers_serial_rivers_micro_c,
          chequers_serial_rivers_large_b, chequers_serial_rivers_room_b,
          chequers_serial_rivers_large_a, st_stairs_7, lemuel_old_faithful
D:5:      layout_cave_pools, serial_shops, nicolae_shop_stone,
          amcnicky_mini_pool_small, uniq_edmund, uniq_sigmund, uniq_eustachio

Skill      XL: |  1  2  3  4  5  6 |
---------------+-------------------+-----
Short Blades   | 2 3 |  3.5
Fighting       | 3 4 |  4.1
Shields        | 3 4 |  4.1
Armour         | 3 |  3.6

Action                   |  1- 3 |  4- 6 || total
-------------------------+-------+-------++-------
Melee: Rapier            |    78 |   123 ||   201
       Bite              |    16 |    35 ||    51
Throw: Dart              |       |     4 ||     4
       Throwing net      |       |     2 ||     2
  Use: Scroll            |     2 |     4 ||     6
       Potion            |       |     1 ||     1
Armor: Scale mail        |    25 |    52 ||    77
Dodge: Dodged            |    35 |    49 ||    84
Block: Buckler           |    14 |    30 ||    44
